 Dungeon Crawl Stone Soup version 0.28-a0-1404-g4df0f3684d (webtiles) character file.

Game seed: 15796648922155457229

273 porpoise the Insei (level 6, -8/48 HPs)
             Began as a Demonspawn Transmuter on Jan 6, 2022.
             Mangled by Duvessa (14 damage)
             ... on level 4 of the Dungeon.
             The game lasted 00:11:27 (3031 turns).

porpoise the Insei (Demonspawn Transmuter)          Turns: 3031, Time: 00:11:28

Health: -8/48      AC:  4    Str: 13    XL:     6   Next: 2%
Magic:  8/9        EV: 12    Int: 14    God:
Gold:   156        SH:  0    Dex: 13    Spells: 8/9 levels left

rFire   + . .      SeeInvis .   a - +2 dagger (venom)
rCold   . . .      Faith    .   (no shield)
rNeg    . . .      Spirit   .   q - +0 robe
rPois   .          Reflect  .   d - +0 helmet
rElec   .          Harm     .   (no cloak)
rCorr   .          Rampage  .   (no gloves)
Will    .....                   (no boots)
Stlth   ++........              (no amulet)
HPRegen 0.16/turn               k - ring of protection from fire
MPRegen 0.11/turn               (no ring)

@: hasted, very quick
A: demonic guardian 2, sharp scales 1
a: no special abilities


You were on level 4 of the Dungeon.
You visited 1 branch of the dungeon, and saw 4 of its levels.

You collected 156 gold pieces.

Inventory:

Hand Weapons
 a - a +2 dagger of venom (weapon)
 b - a +0 hunting sling
Missiles
 e - 52 arrows
 g - 24 stones
 j - 16 poisoned darts (quivered)
 m - a datura-tipped dart
 r - 24 sling bullets
Armour
 d - a +0 helmet (worn)
 q - a +0 robe (worn)
 t - a +0 buckler
Magical Staves
 l - a staff of fire
Jewellery
 k - a ring of protection from fire (left hand)
Scrolls
 c - a scroll of teleportation {unknown}
 h - a scroll of noise {unknown}
 n - 3 scrolls of identify {unknown}
Potions
 i - a potion of flight {unknown}
 o - a potion of berserk rage {unknown}
 p - a potion of brilliance {unknown}
 s - a potion of curing {unknown}


   Skills:
 * Level 4.1 Fighting
 - Level 1.7 Dodging
 + Level 1.0 Stealth
 * Level 4.6 Unarmed Combat
 - Level 2.0 Spellcasting
 - Level 1.7 Transmutations


You had 8 spell levels left.
You knew the following spells:

 Your Spells              Type           Power      Damage    Failure   Level
a - Beastly Appendage     Tmut           12%        N/A       12%         1

Your spell library contained the following spells:

 Spells                   Type           Power      Damage    Failure   Level
 Wereblood                Tmut           6%         N/A       17%         2
 Corpse Rot               Necr/Air       2%         N/A       34%         2
 Poisonous Vapours        Pois/Air       2%         N/A       34%         2
 Spider Form              Tmut/Pois      3%         N/A       45%         3
 Ice Form                 Ice/Tmut       3%         N/A       86%         4


Dungeon Overview and Level Annotations

Branches:
Dungeon (4/15)
 Temple: D:4-7

Altars:

Annotations:
D:3 Grinder
D:4 Duvessa


Innate Abilities, Weirdness & Mutations

A demonic guardian rushes to your aid.
You are partially covered in razor-sharp scales. (AC +1, Slay +1)


Message History

Unknown command.
Duvessa hits Dowan with a +0 short sword.
Dowan dies!
Duvessa screams in horror.
Your Fighting skill increases to level 4!
Your Stealth skill increases to level 1!
You have reached level 6!
Throw: 18 darts (poison)
Press: ? - help, Q - select action, (/) - cycle Shift-Dir - straight line, f - Duvessa
Aim: Duvessa, wielding a +0 short sword and wearing a +0 scale mail (fast, strong, frenzied and insane, unaware, 68% to hit)
You throw a poisoned dart. The poisoned dart hits Duvessa.
Duvessa is poisoned.
Throw: 17 darts (poison)
Press: ? - help, Q - select action, (/) - cycle Shift-Dir - straight line, f/p - Duvessa
Aim: Duvessa, wielding a +0 short sword and wearing a +0 scale mail (lightly wounded, fast, strong, frenzied and insane, poisoned, 68% to hit)
You throw a poisoned dart. The poisoned dart hits Duvessa.
Duvessa is lightly wounded.
You barely miss Duvessa. You claw Duvessa.
Duvessa is lightly wounded.
Duvessa misses you. Duvessa barely misses you.
You hit Duvessa but do no damage.
Duvessa looks even sicker.
Duvessa is lightly wounded.
Your horns disappear.
Your talons disappear.
Your +0 helmet unmelds from your body.
Duvessa barely misses you.
You hit Duvessa but do no damage.
Duvessa looks as sick as possible!
Duvessa is lightly wounded.
Duvessa hits you with a +0 short sword! Duvessa hits you with a +0 short sword.
You hit Duvessa.
Duvessa is moderately wounded.
Duvessa hits you with a +0 short sword!
You hit Duvessa.
Duvessa looks as sick as possible!
Duvessa is heavily wounded.
Duvessa closely misses you. x2
You barely miss Duvessa.
Duvessa is heavily wounded.
Duvessa hits you with a +0 short sword!
* * * LOW HITPOINT WARNING * * *
A demonic guardian appears!
It was a potion of haste.
You feel yourself speed up. Duvessa barely misses you.
Duvessa hits you with a +0 short sword!
You die...

##### +...+
#####@..### #
+.#..e4...# #.#
###.#'#(..#'#
#.....#.....#)..# ..
#.....'.....##(## #
.....#.....#...(...#
.
#.#####.#'#.#.....#
.. #.'...'.#.#.
..?..#
.#####...###...
.(...#


You could see the neutral Duvessa (fast, strong, insane, extremely poisoned,
ally target) and a friendly hellwing (summoned).

Vanquished Creatures
  A sky beast (D:3)
  A water moccasin skeleton (D:4)
  2 adders
  An adder skeleton (D:4)
  A worm (D:4)
  5 endoplasms
  A giant cockroach (D:3)
  5 goblins
  8 hobgoblins
  8 jackals
  4 quokkas
  2 ball pythons
  8 bats
  A frilled lizard (D:1)
  2 kobolds (D:3)
  4 rats
54 creatures vanquished.

Vanquished Creatures (collateral kills)
  Dowan (D:4)
1 creature vanquished.

Grand Total: 55 creatures vanquished

Notes
Turn   | Place    | Note
-------+----------+-------------------------------------------
     0 | D:1      | porpoise the Demonspawn Transmuter began the quest for the
                  | Orb.
     0 | D:1      | Reached XP level 1. HP: 15/15 MP: 3/3
   347 | D:1      | You fall into a shaft and drop 1 floor!
   362 | D:2      | Gained mutation: You are partially covered in razor-sharp
                  | scales. (AC +1, Slay +1) [demonic ancestry]
   362 | D:2      | Reached XP level 2. HP: 19/22 MP: 1/5
   823 | D:1      | Reached XP level 3. HP: 27/27 MP: 4/6
   849 | D:1      | Found a faded altar of an unknown god.
  2381 | D:3      | Noticed a sky beast
  2388 | D:3      | Killed a sky beast
  2389 | D:3      | Gained mutation: A weak demonic guardian rushes to your
                  | aid. [demonic ancestry]
  2389 | D:3      | Reached XP level 4. HP: 25/35 MP: 5/7
  2389 | D:3      | Gained mutation: A demonic guardian rushes to your aid.
                  | [demonic ancestry]
  2389 | D:3      | Reached XP level 5. HP: 29/41 MP: 5/8
  2609 | D:3      | Noticed Grinder
  3014 | D:4      | Noticed Duvessa
  3014 | D:4      | Noticed Dowan
  3022 | D:4      | Killed Dowan
  3023 | D:4      | Reached skill level 1 in Stealth
  3023 | D:4      | Reached XP level 6. HP: 48/48 MP: 7/9
  3031 | D:4      | Mangled by Duvessa

Illustrated notes

Levels and vault maps discovered:
D:1:      psy_arrival_terrarium, layout_basic, dreamdust_ecumenical_altar_grove
D:2:      layout_loops_ring
D:3:      layout_loops_ring, gammafunk_ghost_arena, uniq_grinder
D:4:      nicolae_cairo_tiling_large, layout_rooms,
          amethyst_overflow_temple_binary, chequers_serial_rivers_micro_d,
          uniq_duvessa

Skill      XL: |  1  2  3  4  5 |
---------------+----------------+-----
Unarmed Combat | 3 4 |  4.6
Fighting       | 2 3 4 |  4.1
Stealth        | 1 |  1.0
Dodging        | |  1.7
Spellcasting   | |  2.0
Transmutations | |  1.7

Action                   |  1- 3 |  4- 6 || total
-------------------------+-------+-------++-------
Melee: Unarmed           |    63 |     5 ||    68
       Kick              |    24 |     4 ||    28
       Headbutt          |    12 |     1 ||    13
       Dagger            |    29 |    34 ||    63
       Punch             |       |     1 ||     1
 Fire: Hunting sling     |     5 |     9 ||    14
Throw: Dart              |       |     5 ||     5
 Cast: Beastly Appendage |    32 |     5 ||    37
  Use: Potion            |       |     1 ||     1
Armor: Robe              |    24 |     5 ||    29
Dodge: Dodged            |    51 |    29 ||    80

Table legend: (Time is in decaauts)
 A = Elapsed time spent in this place.
 B = Non-inter-level travel time spent in this place.
 C = Inter-level travel time spent in this place.
 D = Time resting spent in this place.
 E = Time spent auto-exploring this place.
 F = Levels seen in this place.
 G = Mean time per level.
                   A        B        C        D        E       F      G
               +--------+--------+--------+--------+--------+-----+--------+
         Total |   3019 |   2922 |     97 |   1200 |   1270 |   4 |  754.8 |
       Dungeon |   3019 |   2922 |     97 |   1200 |   1270 |   4 |  754.8 |
               +--------+--------+--------+--------+--------+-----+--------+

Top non-repeatable levels by time:
     D:1: 1045 daAuts
     D:2: 958 daAuts
     D:3: 599 daAuts
     D:4: 415 daAuts
